 Dungeon Crawl Stone Soup version 0.22.1-6-g1668fe2 (webtiles) character file.

2380 Fang the Skirmisher (level 9, -4/57 HPs)
             Began as a Gargoyle Berserker on Feb 6, 2019.
             Was an Elder of Trog.
             Slain by Joseph
             ... wielding a +0 quarterstaff
              (5 damage)
             ... on level 8 of the Dungeon.
             The game lasted 00:14:08 (7038 turns).

Fang the Skirmisher (Gargoyle Berserker)            Turns: 7038, Time: 00:14:08

Health: -4/57      AC: 17    Str: 24    XL:     9   Next: 45%
Magic:  9/9        EV: 10    Int:  8    God:    Trog [****..]
Gold:   469        SH:  0    Dex:  9    Spells: 8/8 levels left

rFire    . . .     SeeInvis .   a - +0 hand axe
rCold    . . .     Gourm    .   (no shield)
rNeg     + . .     Faith    .   m - +1 chain mail
rPois    ∞         Spirit   .   (no helmet)
rElec    +         Reflect  .   (no cloak)
rCorr    .         Harm     .   (no gloves)
MR       +....                  (no boots)
Stlth    ..........             (no amulet)
HPRegen  0.19/turn              i - ring of protection from magic
MPRegen  0.11/turn              (no ring)

@: berserk cooldown, slowed, very slow
A: negative energy resistance 1, electricity resistance, unbreathing,
petrification resistance, rot immunity, AC +6
a: Berserk, Trog's Hand, Brothers in Arms, Renounce Religion


You were on level 8 of the Dungeon.
You worshipped Trog.
Trog was greatly pleased with you.
You were hungry.

You visited 2 branches of the dungeon, and saw 9 of its levels.

You collected 469 gold pieces.

Inventory:

Hand Weapons
 a - a +0 hand axe (weapon)
Armour
 m - a +1 chain mail (worn)
Jewellery
 i - a ring of protection from magic (left hand)
Wands
 l - a wand of scattershot (4)
 n - a wand of paralysis (11)
 p - a wand of acid (6)
 t - a wand of clouds (4)
Scrolls
 d - 7 scrolls of teleportation
 e - 2 scrolls of identify
 f - a scroll of blinking
 v - 5 scrolls of remove curse
Potions
 b - 3 potions of curing
 h - 2 potions of heal wounds
 j - a potion of haste
 k - 4 potions of flight
 o - a potion of might
 q - a potion of resistance
 r - 2 potions of mutation
 s - a potion of brilliance {unknown}
Comestibles
 c - 17 rations


   Skills:
 + Level 7.5 Fighting
 + Level 6.3 Axes
 + Level 7.0 Armour
 + Level 5.4 Dodging


You had 8 spell levels left.
You didn't know any spells.
Your spell library was empty.

Dungeon Overview and Level Annotations

Branches:
Dungeon (8/15)             Temple (1/1) D:4
   Lair: D:8-11

Altars:
Elyvilon
Fedhas
Nemelex Xobeh
Trog
Wu Jian
Xom

Shops:
D:4 }

Annotations:
D:8 Joseph


Innate Abilities, Weirdness & Mutations

You are resistant to torment.
Your stone body is resilient. (AC +6)
You are immune to poison.
You resist negative energy. (rN+)
You are resistant to electric shocks. (rElec)
You can survive without breathing.
You are immune to petrification.
You are immune to rotting.


Message History

Joseph barely misses you.
You slash Joseph!
Joseph is heavily wounded.
Joseph hits you with an uncursed quarterstaff.
Joseph barely misses you.
You slash Joseph!
Joseph is severely wounded.
Joseph hits you with an uncursed quarterstaff.
* * * LOW HITPOINT WARNING * * *
You hit Joseph.
Joseph is severely wounded.
Joseph hits you with an uncursed quarterstaff.
* * * LOW HITPOINT WARNING * * *
You barely miss Joseph.
Joseph is severely wounded.
Joseph says, "I'm happy to see you. And I'll be happy to kill you."
Joseph hits you with an uncursed quarterstaff!
* * * LOW HITPOINT WARNING * * *
Joseph hits you with an uncursed quarterstaff.
You die...

#. #.
#.############
#.#..@@.(.<(.#
#.#.##########
######.#..@.......#
.......#########.##
........((.))....#
.......########†.#
...)... #..#
....... #..#
####### #÷.#


You could see Joseph.

Vanquished Creatures
  A hungry ghost (D:7)
  A water moccasin (D:5)
  Edmund (D:4)
  An orc warrior (D:8)
  3 ice beasts
  2 ogres (D:7)
  2 centaurs (D:6)
  3 bullfrogs
  5 killer bees (D:7)
  A howler monkey (D:8)
  A crimson imp (D:5)
  A centaur zombie (D:5)
  2 hounds
  A quasit (D:7)
  A centaur skeleton (D:7)
  3 bullfrog skeletons
  An orc priest (D:6)
  2 iguanas (D:8)
  Natasha (thrice) (D:4)
  2 orc wizards
  6 worker ants
  A hound zombie (D:7)
  A hound skeleton (D:7)
  2 howler monkey skeletons
  10 adders
  2 shadow imps (D:7)
  An ooze (D:6)
  A dart slug (D:3)
  6 leopard geckos
  20 orcs
  8 giant cockroaches
  9 goblins
  6 hobgoblins
  3 jackals (D:6)
  5 quokkas
  A ball python (D:1)
  5 bats
  5 frilled lizards
  11 kobolds
  A quokka skeleton (D:4)
  9 rats
150 creatures vanquished.

Notes
Turn   | Place    | Note
-------+----------+-------------------------------------------
     0 | D:1      | Fang the Gargoyle Berserker began the quest for the Orb.
     0 | D:1      | Reached XP level 1. HP: 14/14 MP: 1/1
   206 | D:1      | Reached XP level 2. HP: 19/19 MP: 2/2
  1042 | D:2      | Reached XP level 3. HP: 23/23 MP: 3/3
  1474 | D:3      | Reached ** piety under Trog
  1566 | D:3      | Reached XP level 4. HP: 20/29 MP: 4/4
  1971 | D:3      | Found a bloodstained altar of Trog.
  2059 | D:4      | Noticed Natasha
  2075 | D:4      | Killed Natasha
  2075 | D:4      | Reached XP level 5. HP: 23/33 MP: 5/5
  2193 | D:4      | Noticed Natasha
  2206 | D:4      | Killed Natasha
  2394 | D:4      | Found a blossoming altar of Fedhas.
  2408 | D:4      | Noticed Natasha
  2412 | D:4      | Reached XP level 6. HP: 22/39 MP: 6/6
  2422 | D:4      | Killed Natasha
  2865 | D:4      | Found Juqoclu's Gadget Shop.
  2900 | D:4      | Noticed Edmund
  2922 | D:4      | Killed Edmund
  3028 | D:4      | Reached skill level 5 in Fighting
  3076 | D:4      | Reached *** piety under Trog
  3159 | D:4      | Reached XP level 7. HP: 44/44 MP: 7/7
  3306 | D:4      | Found a staircase to the Ecumenical Temple.
  3317 | Temple   | Entered the Ecumenical Temple
  3350 | D:5      | Entered Level 5 of the Dungeon
  3820 | D:5      | Reached skill level 5 in Armour
  4109 | D:5      | Reached XP level 8. HP: 14/51 MP: 8/8
  4895 | D:6      | Reached skill level 5 in Axes
  5030 | D:6      | Reached **** piety under Trog
  5118 | D:6      | Found a shimmering altar of Xom.
  5124 | D:6      | Found a shimmering altar of Xom.
  5584 | D:7      | Found a sparkling altar of Nemelex Xobeh.
  5823 | D:7      | Reached XP level 9. HP: 23/56 MP: 9/9
  6109 | D:7      | Reached skill level 5 in Dodging
  6624 | D:8      | Noticed Joseph
  7038 | D:8      | HP: 1/57 [Joseph/uncursed quarterstaff (12)]
  7038 | D:8      | Slain by Joseph

Skill      XL: |  1  2  3  4  5  6  7  8  9 |
---------------+----------------------------+-----
Axes           | 3 4 5 6 |  6.3
Dodging        | 2 3 4 5 |  5.4
Armour         | 3 4 5 6 7 |  7.0
Fighting       | 4 5 6 7 |  7.5

Action                   |  1- 3 |  4- 6 |  7- 9 || total
-------------------------+-------+-------+-------++-------
Melee: Hand axe          |   133 |   225 |   566 ||   924
Invok: Berserk           |       |     1 |     6 ||     7
       Brothers in Arms  |       |       |     1 ||     1
  Use: Scroll            |       |       |    16 ||    16
       Potion            |       |       |     1 ||     1
 Stab: Sleeping          |     1 |       |       ||     1
  Eat: Chunk             |     2 |     7 |    10 ||    19
       Ration            |       |       |     4 ||     4
Armor: Animal skin       |    19 |       |       ||    19
       Chain mail        |    54 |   120 |   378 ||   552
       Troll leather arm |       |    19 |    47 ||    66
Dodge: Dodged            |    84 |   115 |   399 ||   598
